 Dungeon Crawl Stone Soup version 0.31-a0-1447-g87ca8d402b (webtiles) character file.

Game seed: 17479870132959535411

9 Atlas the Firebug (level 2, 0/19 HPs)
             Began as a Demonspawn Fire Elementalist on Dec 27, 2023.
             Slain by a ball python (1 damage)
             ... on level 1 of the Dungeon.
             The game lasted 00:00:28 (550 turns).

Atlas the Firebug (Demonspawn Fire Elementalist)     Turns: 550, Time: 00:00:29

Health: 0/19       AC:  2    Str:  8    XL:     2   Next: 3%
Magic:  5/5        EV:  9    Int: 15    God:
Gold:   24         SH:  0    Dex: 13    Spells: 4/5 levels left

rFire   . . .        (no weapon)
rCold   . . .        (no shield)
rNeg    . . .        a - +0 robe
rPois   .            (no helmet)
rElec   .            (no cloak)
rCorr   .            (no gloves)
SInv    .            (no boots)
Will    .....        (no amulet)
Stlth   ++           (no ring)
HPRegen 0.23/turn    (no ring)
MPRegen 0.09/turn

%: no passive effects
@: constricted
A: demonic guardian 1
a: no special abilities


You were on level 1 of the Dungeon.
You visited 1 branch of the dungeon, and saw 1 of its levels.

You collected 24 gold pieces.

Inventory:

Armour
 a - a +0 robe (worn)
Scrolls
 c - a scroll of vulnerability {unknown}
 e - a scroll of teleportation {unknown}
Potions
 b - a potion of magic
 d - a potion of heal wounds {unknown}


   Skills:
 + Level 1.8 Dodging
 + Level 1.9 Stealth
 + Level 2.1 Spellcasting
 + Level 1.1 Conjurations
 + Level 2.9 Fire Magic


You had 4 spell levels left.
You knew the following spells:

 Your Spells              Type           Power      Damage    Failure   Level
a - Foxfire               Conj/Fire      28%        2x1d5     10%         1

Your spell library contained the following spells:

 Spells                   Type           Power      Damage    Failure   Level
 Scorch                   Fire           20%        2d5       10%         2
 Inner Flame              Hex/Fire       6%         N/A       34%         3
 Volatile Blastmotes      Fire/Tloc      12%        2d11      34%         3
 Flame Wave               Conj/Fire      7%         2d5       67%         4


Dungeon Overview and Level Annotations

Branches:
Dungeon (1/15)

Altars:


Innate Abilities, Weirdness & Mutations

A weak demonic guardian rushes to your aid.


Message History

e - a scroll labelled LOEBRA NELE A hobgoblin comes into view.
A hobgoblin is nearby!
The hobgoblin shouts!
Found 8 gold pieces.
The hobgoblin completely misses you.
You barely miss the hobgoblin. The hobgoblin barely misses you.
The hobgoblin barely misses you. The hobgoblin closely misses you.
A kobold comes into view. It is wielding a +0 dagger.
You see here 8 gold pieces.
The hobgoblin hits you. The hobgoblin closely misses you.
You see here 8 gold pieces.
The kobold shouts!
The kobold throws a stone.
The stone barely misses you.
The hobgoblin hits you but does no damage.
A ball python comes into view.
A hobgoblin comes into view.
The hobgoblin moves out of view.
You barely miss the ball python. The ball python completely misses you.
The ball python grabs you. The ball python constricts you.
The kobold hits you with a +0 dagger.
You barely miss the ball python. The hobgoblin barely misses you.
The ball python barely misses you. The ball python constricts you.
The kobold closely misses you.
The hobgoblin shouts!
The ball python bites you. The ball python constricts you.
The hobgoblin hits you. The ball python closely misses you.
The ball python constricts you. The kobold hits you but does no damage.
The hobgoblin hits you. The ball python barely misses you.
The ball python constricts you. The kobold hits you with a +0 dagger.
The hobgoblin hits you. The ball python bites you.
* * * LOW HITPOINT WARNING * * *
The ball python constricts you.
* * * LOW HITPOINT WARNING * * *
A demonic guardian appears!
The kobold hits you with a +0 dagger.
* * * LOW HITPOINT WARNING * * *
The hobgoblin hits you but does no damage.
The ball python bites you.
You die...

########################
.....gS@g...............
......K5..$.............
##.##.####.#############
#. #.# . #.. .# .... ..
.##.# #. #. .# ## ##


You could see 2 hobgoblins, a ball python, a kobold and a friendly white imp
(summoned).

Vanquished Creatures
  2 endoplasms (D:1)
  A giant cockroach (D:1)
  A frilled lizard (D:1)
  3 goblins (D:1)
  A rat (D:1)
8 creatures vanquished.

Vanquished Creatures (others)
  37 foxfires (D:1)
37 creatures vanquished.

Grand Total: 45 creatures vanquished

Notes
Turn   | Place    | Note
-------+----------+-------------------------------------------
     0 | D:1      | Atlas the Demonspawn Fire Elementalist began the quest for
                  | the Orb.
     0 | D:1      | Reached XP level 1. HP: 13/13 MP: 3/3
   461 | D:1      | Gained mutation: A weak demonic guardian rushes to your
                  | aid. [demonic ancestry]
   461 | D:1      | Reached XP level 2. HP: 19/19 MP: 0/5
   550 | D:1      | Slain by a ball python

Illustrated notes

Levels and vault maps discovered:
D:1:      dpeg_arrival_concentric_ovals, layout_basic, minmay_octomino_j4

Action                     || total
---------------------------++-------
  Melee: Unarmed           ||     3
   Cast: Foxfire           ||    22
 Armour: Robe              ||    14
  Dodge: Dodged            ||    13

Table legend: (Time is in decaauts)
 A = Elapsed time spent in this place.
 B = Non-inter-level travel time spent in this place.
 C = Inter-level travel time spent in this place.
 D = Time resting spent in this place.
 E = Time spent auto-exploring this place.
 F = Levels seen in this place.
 G = Mean time per level.
                   A        B        C        D        E       F      G
               +--------+--------+--------+--------+--------+-----+--------+
         Total |    550 |    550 |      0 |      0 |    484 |   1 |  550.0 |
       Dungeon |    550 |    550 |      0 |      0 |    484 |   1 |  550.0 |
               +--------+--------+--------+--------+--------+-----+--------+

Top non-repeatable levels by time:
     D:1: 550 daAuts
